 Dungeon Crawl Stone Soup version 0.27-a0-1139-g28e009f8a6 (webtiles) character file.

Game seed: 13883159190147529749

228 robertstho the Magician (level 6, -1/41 HPs)
             Began as a Djinni Ice Elementalist on May 7, 2021.
             Slain by a phantom (9 damage)
             ... on level 4 of the Dungeon.
             The game lasted 00:06:22 (4108 turns).

robertstho the Magician (Djinni Ice Elementalist)   Turns: 4108, Time: 00:06:22

Health: -1/41      AC:  3    Str:  7    XL:     6   Next: 2%
Gold:   1142       EV: 13    Int: 18    God:
                   SH:  0    Dex: 14

rFire    + + .     SeeInvis .   c - +2 short sword (drain)
rCold    x . .     Faith    .   (no shield)
rNeg     . . .     Spirit   .   a - +1 robe
rPois    ∞         Reflect  .   (no helmet)
rElec    .         Harm     .   (no cloak)
rCorr    .         Rampage  .   (no gloves)
Will     .....                  (boots unavailable)
Stlth    ++........             (no amulet)
HPRegen  0.13/turn              (no ring)
MPRegen  0.00/turn              (no ring)

@: attractive, flying
A: sickness immunity, fire resistance 2, cold vulnerability 1, float, innate
caster, hp casting, extra vitality 1
a: no special abilities


You were on level 4 of the Dungeon.
You visited 1 branch of the dungeon, and saw 4 of its levels.

You collected 1142 gold pieces.

Inventory:

Hand Weapons
 c - a +2 short sword of draining (weapon)
Armour
 a - a +1 robe (worn)
Jewellery
 f - an amulet of faith
Scrolls
 e - a scroll of magic mapping
Potions
 b - a potion of lignification
 h - 2 potions of ambrosia


   Skills:
 + Level 0.4 Fighting
 + Level 1.5 Short Blades
 + Level 3.0 Dodging
 + Level 2.3 Stealth
 + Level 0.5 Unarmed Combat
 + Level 5.1 Spellcasting


You couldn't memorise any spells.
You knew the following spells:

 Your Spells              Type           Power      Damage    Failure   Level
a - Freeze                Ice            92%        1d10      1%          1
b - Frozen Ramparts       Ice            46%        1d6       4%          3
c - Ozocubu's Armour      Ice            23%        N/A       4%          3
d - Hailstorm             Conj/Ice       23%        3d7       16%         4
e - Metabolic Englaciati  Hex/Ice        11%        N/A       41%         5
f - Sandblast             Erth           46%        2d11      1%          1
g - Wereblood             Tmut           23%        N/A       2%          2
Your spell library was empty.

Dungeon Overview and Level Annotations

Branches:
Dungeon (4/15)
 Temple: D:4-7

Altars:
Qazlal


Innate Abilities, Weirdness & Mutations

You are immune to sickness and miasma.
You are immune to poison.
Your flesh is very heat resistant. (rF++)
You are vulnerable to cold. (rC-)
You float through the air rather than walking.
You learn spells naturally, not from books.
Your magical power is your life essence.
You have superior vitality. (+4 HP)


Message History

h - 2 potions of ambrosia The phantom closely misses you.
As you read the scroll of identify, it crumbles to dust.
l - a potion of degeneration The phantom hits you.
Drop what? 11/52 slots (_ for help) (? for menu, Esc to quit)
You drop a potion of degeneration.
The phantom misses you.
You hit the phantom.
The phantom is lightly damaged.
The phantom hits you!
The phantom blinks!
You blink.
You hit the phantom.
The phantom is lightly damaged.
The phantom closely misses you.
You closely miss the phantom.
The phantom is lightly damaged.
The phantom closely misses you.
You barely miss the phantom.
The phantom is lightly damaged.
The phantom hits you.
As you read the scroll labelled OTEZEA SEASM, it crumbles to dust.
It is a scroll of enchant armour.
Your +0 robe glows green for a moment.
The phantom closely misses you.
This is a scroll of acquirement!
Something appears before you! The phantom hits you!
The phantom blinks!
You blink.
There are no items here.
You see here 939 gold pieces.
You now have 1142 gold pieces (gained 939).
The phantom misses you.
As you read the scroll labelled QUZ NA GODWE, it crumbles to dust.
Your body is wracked with pain!
* * * LOW HITPOINT WARNING * * *
It was a scroll of torment.
The phantom hits you.
* * * LOW HITPOINT WARNING * * *
The phantom blinks!
You blink.
Unknown command.
It was a potion of attraction.
You feel attractive to monsters. The phantom hits you!
You die...

.........# #.
##.#..###.## #..
..#.......#
##.##.#...#..##
......#!.....#
###.#........#
.............#
#.###.#.#.###..#
#..........@W..#
#####.#.#.###.##
#.#.#.# #.#
#.#.#.# #.#
#.#.#.# #.# #..#
#.#.#.###§# #..#
#...........#
#..#
###.#.#######
#..# #.....#


You could see a phantom.

Vanquished Creatures
  A water moccasin zombie (D:3)
  Jessica (D:2)
  Terence (D:2)
  3 adders
  An ufetubus (D:2)
  6 worms
  2 dart slugs
  2 orcs (D:3)
  7 endoplasms
  6 giant cockroaches
  7 hobgoblins
  3 jackals (D:1)
  10 kobolds
  2 quokkas (D:2)
  4 ball pythons
  A bat (D:3)
  6 frilled lizards
  4 goblins
  A rat (D:1)
68 creatures vanquished.

Vanquished Creatures (others)
  4 plants (D:2)
4 creatures vanquished.

Grand Total: 72 creatures vanquished

Notes
Turn   | Place    | Note
-------+----------+-------------------------------------------
     0 | D:1      | robertstho the Djinni Ice Elementalist began the quest for
                  | the Orb.
     0 | D:1      | Reached XP level 1. HP: 15/15 MP: 0/0
   386 | D:1      | Reached XP level 2. HP: 18/21 MP: 0/0
   422 | D:1      | Reached skill level 4 in Spellcasting
   681 | D:1      | Found a faded altar of an unknown god.
  1120 | D:1      | Reached XP level 3. HP: 22/25 MP: 0/0
  1120 | D:1      | Learned a level 1 spell: Sandblast
  1514 | D:2      | Noticed Jessica
  1515 | D:2      | Noticed Terence
  1528 | D:2      | Killed Terence
  1529 | D:2      | Killed Jessica
  1530 | D:2      | Reached skill level 1 in Short Blades
  1530 | D:2      | Reached XP level 4. HP: 21/31 MP: 0/0
  2598 | D:2      | Reached XP level 5. HP: 35/35 MP: 0/0
  2598 | D:2      | Learned a level 2 spell: Wereblood
  3329 | D:3      | Noticed a fire elemental
  3337 | D:3      | Reached skill level 5 in Spellcasting
  3585 | D:3      | Found a stormy altar of Qazlal.
  3598 | D:3      | Noticed a water elemental
  3616 | D:3      | Reached XP level 6. HP: 31/41 MP: 0/0
  3960 | D:3      | Noticed an air elemental
  4093 | D:4      | Identified a scroll of acquirement
  4093 | D:4      | Acquired 939 gold pieces
  4108 | D:4      | Slain by a phantom

Illustrated notes

Levels and vault maps discovered:
D:1:      wander_arrival_estate, layout_loops_ring,
          hellmonk_ecumenical_altar_lost_god
D:2:      layout_rooms, serial_bayou_pond_b, uniq_jessica, uniq_terence
D:3:      layout_basic, nicolae_qazlal_style_of_elements
D:4:      layout_basic, nicolae_overflow_hidden_temple, uniq_eustachio

Skill      XL: |  1  2  3  4  5 |
---------------+----------------+-----
Spellcasting   | 4 5 |  5.1
Short Blades   | 1 |  1.5
Stealth        | 2 |  2.3
Dodging        | 3 |  3.0
Fighting       | |  0.4
Unarmed Combat | |  0.5

Action                   |  1- 3 |  4- 6 || total
-------------------------+-------+-------++-------
Melee: Unarmed           |     9 |       ||     9
       Short sword       |    24 |    64 ||    88
 Cast: Freeze            |    32 |    12 ||    44
       Frozen Ramparts   |     1 |    20 ||    21
       Ozocubu's Armour  |       |     1 ||     1
  Use: Potion            |       |     4 ||     4
       Scroll            |       |     6 ||     6
 Stab: Sleeping          |     2 |     5 ||     7
Armor: Robe              |     9 |     5 ||    14
       Skin              |       |    20 ||    20
Dodge: Dodged            |    38 |    40 ||    78

Table legend: (Time is in decaauts)
 A = Elapsed time spent in this place.
 B = Non-inter-level travel time spent in this place.
 C = Inter-level travel time spent in this place.
 D = Time resting spent in this place.
 E = Time spent auto-exploring this place.
 F = Levels seen in this place.
 G = Mean time per level.
                   A        B        C        D        E       F      G
               +--------+--------+--------+--------+--------+-----+--------+
         Total |   4113 |   4011 |    102 |    454 |   3098 |   4 | 1028.2 |
       Dungeon |   4113 |   4011 |    102 |    454 |   3098 |   4 | 1028.2 |
               +--------+--------+--------+--------+--------+-----+--------+

Top non-repeatable levels by time:
     D:1: 1724 daAuts
     D:3: 1309 daAuts
     D:2: 969 daAuts
     D:4: 109 daAuts
